 Dungeon Crawl Stone Soup version 0.30.1-11-g7821555f0a (webtiles) character file.

Game seed: 1884279513859355029

4201386 2FriedEggs the Intangible (level 27, 208/224 HPs)
             Began as a Merfolk Monk on June 8, 2023.
             Was the Champion of the Shining One.
             Escaped with the Orb
             ... and 7 runes on Nov 13, 2023!
             The game lasted 05:08:16 (99760 turns).

2FriedEggs the Intangible (Merfolk Monk)           Turns: 99760, Time: 05:08:17

Health: 208/224    AC: 29    Str: 24    XL:     27
Magic:  45/45      EV: 34    Int:  8    God:    the Shining One [******]
Gold:   9129       SH: 31    Dex: 30    Spells: 20/26 levels left

rFire   + + +        F - +9 eudemon blade (holy)
rCold   + + +        s - +3 tower shield {reflect}
rNeg    + + +        v - +6 chain mail of the Old and Reckless {Contam rElec rC+++ Will+}
rPois   +            (helmet restricted)
rElec   +            Z - +2 cloak {Will+}
rCorr   +            o - +1 pair of gloves of Nahij {rC+ Str+7}
SInv    +            R - +1 pair of boots "Bawkeq" {rF+ rC+}
Will    +++++        C - amulet "Suisoid" {Spirit rF+ Will+ Dex+3} Stlth
                     y - ring of Ebeyl {rF+ MP+9 Str+3}
HPRegen 0.57/turn    N - ring "Hoschyac" {rPois rCorr Slay+3}
MPRegen 0.29/turn

%: reflection, guardian spirit
@: glowing, studying 4 skills
A: (nimble swimmer 2), mertail, beak, claws 1, see invisible, dopey 1, frail 1,
low MP 1, screaming 2, no potion heal 1, subdued magic 1, inability to drink
after injury 1, MP-powered wands
0: Orb of Zot
}: 7/15 runes: serpentine, barnacled, slimy, silver, obsidian, icy, bone
a: Renounce Religion, Divine Shield, Cleansing Flame, Summon Divine Warrior


You escaped.
You worshipped the Shining One.
The Shining One was exalted by your worship.
You visited 17 branches of the dungeon, and saw 80 of its levels.
You visited 1 bazaar.
You also visited: Trove, Gauntlet, Ice Cave, Volcano and Wizlab.

You collected 12443 gold pieces.
You spent 3314 gold pieces at shops.

Inventory:

Hand Weapons
 e - the +2 Maxwell's thermic engine {flame, freeze, rev}
   (You found it in a wizard's laboratory)
 F - a +9 eudemon blade of holy wrath (weapon)
Missiles
 i - 9 throwing nets
 B - 15 curare-tipped darts (quivered)
Armour
 o - the +1 pair of gloves of Nahij (worn) {rC+ Str+7}
   (You found it on level 1 of the Realm of Zot)

   Str:       It affects your strength (+7).
   rC:        It protects you from cold.
 s - a +3 tower shield of reflection (worn)
 v - the +6 chain mail of the Old and Reckless (worn) {Contam rElec rC+++ Will+}
   (You found it on level 1 of the Snake Pit)

   rC:        It renders you almost immune to cold.
   rElec:     It insulates you from electricity.
   Contam:    It causes magical contamination when unequipped.
   Will:      It increases your willpower.
 R - the +1 pair of boots "Bawkeq" (worn) {rF+ rC+}
   (You found it in a Gauntlet)

   rF:        It protects you from fire.
   rC:        It protects you from cold.
 Y - a +2 helmet of intelligence
 Z - a +2 cloak of willpower (worn)
Jewellery
 c - the ring of Wonder {rElec rC- MP+9 Dex+6}
   (You found it on level 4 of the Realm of Zot)

   [ring of dexterity]

   Dex:       It affects your dexterity (+6).
   rC:        It makes you vulnerable to cold.
   rElec:     It insulates you from electricity.
   MP:        It affects your magic capacity (+9).
 l - a +5 ring of evasion
 n - a ring of fire
 y - the ring of Ebeyl (left hand) {rF+ MP+9 Str+3}
   (You took it off a deep elf zephyrmancer on level 3 of the Elven Halls)

   [ring of magical power]

   Str:       It affects your strength (+3).
   rF:        It protects you from fire.
   MP:        It affects your magic capacity (+9).
 C - the amulet "Suisoid" (around neck) {Spirit rF+ Will+ Dex+3}
   (You bought it in a shop on level 5 of the Dungeon)

   [amulet of guardian spirit]

   It causes incoming damage to be divided between your reserves of health and
   magic.
   Dex:       It affects your dexterity (+3).
   rF:        It protects you from fire.
   Will:      It increases your willpower.
 G - a +4 ring of protection
 K - a ring of protection from cold
 N - the ring "Hoschyac" (right hand) {rPois rCorr Slay+3}
   (You found it in an ice cave)

   [ring of poison resistance]

   Slay:      It affects your accuracy & damage with ranged weapons and melee
   (+3).
   rPois:     It protects you from poison.
   rCorr:     It protects you from acid and corrosion.
 U - a ring of flight
Wands
 r - a wand of flame (130)
 w - a wand of polymorph (28)
 H - a wand of mindburst (23)
 J - a wand of charming (38)
 L - a wand of digging (23)
 Q - a wand of light (30)
 T - a wand of iceblast (73)
Scrolls
 a - 3 scrolls of magic mapping
 b - 7 scrolls of summoning
 f - 3 scrolls of silence
 j - 13 scrolls of fog
 p - 13 scrolls of teleportation
 x - 6 scrolls of fear
 D - 17 scrolls of vulnerability
 M - 4 scrolls of poison
 S - a scroll of blinking
 W - 3 scrolls of brand weapon
Potions
 d - a potion of mutation
 k - 8 potions of heal wounds
 m - 11 potions of cancellation
 q - 8 potions of flight
 t - 18 potions of curing
 u - 5 potions of ambrosia
 z - 11 potions of brilliance
 I - 6 potions of berserk rage
 V - a potion of haste
 X - 7 potions of might
Miscellaneous
 g - a lightning rod (4/4)
 A - a phantom mirror (inert)
 E - a phial of floods
 P - a piece from Xom's chessboard (15/15)


   Skills:
 O Level 27 Fighting
 - Level 14.0 Long Blades
 + Level 17.5 Armour
 O Level 27 Dodging
 + Level 24.2 Shields
 - Level 23.0 Transmutations
 - Level 11.6 Earth Magic
 O Level 27 Invocations
 - Level 17.9 Evocations


You had 20 spell levels left.
You knew the following spells:

 Your Spells              Type           Power      Damage    Failure   Level
a - Statue Form           Tmut/Erth      14%        N/A       17%         6

Your spell library contained the following spells:

 Spells                   Type           Power      Damage    Failure   Level
 Beastly Appendage        Tmut           56%        N/A       0%          1
 Wereblood                Tmut           28%        N/A       0%          2
 Sandblast                Erth           28%        2d8       1%          1
 Sting                    Tmut/Pois      56%        1d5       1%          1
 Passwall                 Tmut/Erth      17%        N/A       1%          2
 Petrify                  Tmut/Erth      21%        N/A       1%          4
 Blade Hands              Tmut           14%        N/A       1%          5
 Spider Form              Tmut/Pois      14%        N/A       3%          3
 Ice Form                 Ice/Tmut       14%        N/A       12%         4
 Ignite Poison            Fire/Tmut/Pois 9%         N/A       19%         3
 Lee's Rapid Deconstruct  Erth           7%         3d6*      32%         5
 Alistair's Intoxication  Tmut/Pois      9%         N/A       34%         5
 Irradiate                Conj/Tmut      7%         3d14      34%         5
 Stone Arrow              Conj/Erth      14%        3d7       38%         3
 Animate Armour           Summ/Erth      14%        N/A       80%         4
 Leda's Liquefaction      Hex/Erth       3%         N/A       80%         4
 Apportation              Tloc           0%         N/A       83%         1
 Foxfire                  Conj/Fire      0%         2x1d4     83%         1
 Freeze                   Ice            0%         1d3       83%         1
 Kiss of Death            Conj/Necr      0%         2d5       83%         1
 Magic Dart               Conj           0%         1d3       83%         1
 Shock                    Conj/Air       0%         1d3       83%         1
 Summon Small Mammal      Summ           0%         N/A       83%         1
 Eringya's Noxious Bog    Tmut/Pois      7%         N/A       90%         6
 Blink                    Tloc           0%         N/A       92%         2
 Cigotuvi's Dreadful Rot  Necr/Pois/Air  0%         N/A       92%         2
 Ensorcelled Hibernation  Hex/Ice        0%         N/A       92%         2
 Lesser Beckoning         Tloc           0%         N/A       92%         2
 Momentum Strike          Conj/Tloc      0%         3d8       92%         2
 Poisonous Vapours        Pois/Air       0%         N/A       92%         2
 Searing Ray              Conj           0%         2d4       92%         2
 Static Discharge         Conj/Air       0%         2-2/arc   92%         2
 Call Canine Familiar     Summ           0%         N/A       99%         3
 Confusing Touch          Hex            0%         N/A       99%         3
 Frozen Ramparts          Ice            0%         1d1       99%         3
 Gell's Gravitas          Tloc           0%         N/A       99%         3
 Hailstorm                Conj/Ice       0%         3d3       99%         3
 Inner Flame              Hex/Fire       0%         N/A       99%         3
 Mephitic Cloud           Conj/Pois/Air  0%         N/A       99%         3
 Ozocubu's Armour         Ice            0%         N/A       99%         3
 Portal Projectile        Hex/Tloc       0%         N/A       99%         3
 Summon Guardian Golem    Hex/Summ       0%         N/A       99%         3
 Swiftness                Air            0%         N/A       99%         3
 Teleport Other           Tloc           0%         N/A       99%         3
 Tukima's Dance           Hex            0%         N/A       99%         3
 Vampiric Draining        Necr           0%         2d6       99%         3
 Vhi's Electric Charge    Tloc/Air       0%         N/A       99%         3
 Volatile Blastmotes      Fire/Tloc      0%         2d10      99%         3
 Airstrike                Air            0%         2d(0-16)  100%        4
 Anguish                  Hex/Necr       0%         N/A       100%        4
 Dispel Undead            Necr           0%         3d6       100%        4
 Flame Wave               Conj/Fire      0%         2d4       100%        4
 Fulminant Prism          Conj/Hex       0%         3d5       100%        4
 Iskenderun's Mystic Bla  Conj/Tloc      0%         2d3       100%        4
 Manifold Assault         Tloc           0%         N/A       100%        4
 Olgreb's Toxic Radiance  Pois           0%         N/A       100%        4
 Passage of Golubria      Tloc           0%         N/A       100%        4
 Sticky Flame             Conj/Fire      0%         2d3       100%        4
 Summon Ice Beast         Ice/Summ       0%         N/A       100%        4
 Summon Lightning Spire   Summ/Air       0%         N/A       100%        4
 Arcjolt                  Conj/Air       0%         1d10      100%        5
 Fireball                 Conj/Fire      0%         3d3       100%        5
 Freezing Cloud           Conj/Ice/Air   0%         6-21      100%        5
 Iskenderun's Battlesphe  Conj           0%         2d6       100%        5
 Metabolic Englaciation   Hex/Ice        0%         N/A       100%        5
 Silence                  Hex/Air        0%         N/A       100%        5
 Summon Forest            Summ/Tloc      0%         N/A       100%        5
 Summon Mana Viper        Hex/Summ       0%         N/A       100%        5
 Conjure Ball Lightning   Conj/Air       0%         3x3d6     100%        6
 Dispersal                Tloc           0%         N/A       100%        6
 Iron Shot                Conj/Erth      3%         9d2       100%        6
 Plasma Beam              Fire/Air       0%         2x1d11    100%        6
 Simulacrum               Ice/Necr       0%         N/A       100%        6
 Starburst                Conj/Fire      0%         6d3       100%        6
 Monstrous Menagerie      Summ           0%         N/A       100%        7
 Orb of Destruction       Conj           0%         9d5       100%        7
 Ozocubu's Refrigeration  Ice            0%         4d7       100%        7
 Spellforged Servitor     Conj/Summ      0%         N/A       100%        7
 Storm Form               Tmut/Air       7%         N/A       100%        7
 Summon Hydra             Summ           0%         N/A       100%        7
 Discord                  Hex            0%         N/A       100%        8
 Disjunction              Tloc           0%         N/A       100%        8
 Ignition                 Fire           0%         3d3       100%        8
 Lehudib's Crystal Spear  Conj/Erth      3%         10d3      100%        8
 Maxwell's Capacitive Co  Air            0%         ∞         100%        8
 Necromutation            Tmut/Necr      7%         N/A       100%        8
 Polar Vortex             Ice            0%         N/A       100%        9


Dungeon Overview and Level Annotations

Branches:
Dungeon (15/15)            Temple (1/1) D:5            Lair (5/5) D:9
 Shoals (4/4) Lair:3        Snake (4/4) Lair:3        Slime (5/5) Lair:5
    Orc (2/2) D:9             Elf (3/3) Orc:2        Vaults (5/5) D:13
  Crypt (3/3) Vaults:2       Tomb (0/3) Crypt:3      Depths (4/4) D:15
   Hell (visited)             Dis (2/7) Hell            Geh (7/7) Hell
    Coc (7/7) Hell            Tar (7/7) Hell            Zot (5/5) Depths:4
  IceCv (visited)         Volcano (visited)          WizLab (visited)
Gauntlet (visited)

Altars:
Ashenzari
Cheibriados
Dithmenos
Elyvilon
Fedhas
Gozag
Hepliaklqana
Kikubaaqudgha
Makhleb
Nemelex Xobeh
Okawaru
Ru
Sif Muna
Uskayaw
Vehumet
Wu Jian
Xom
Yredelemnul
Zin
The Shining One
Jiyva

Shops:
D:3 *   D:5 *   Orc:1 =   Orc:2 (***   Elf:1 [   Shoals:1 *   Shoals:4 =[
Snake:1 =:=   Snake:2 !**   Vaults:4 (   Vaults:5 =   Depths:1 **?=

Portals:
Hell: Depths:1 Depths:2 Depths:3 Depths:4
Abyss: Depths:1 Depths:3 Depths:4
Pandemonium: Depths:2 Depths:3
Ziggurat: Depths:4

Annotations:
D:7 2 runed translucent doors
D:10 4 transporters
Elf:1 1 runed translucent door
Elf:2 1 exclusion
Vaults:1 1 transporter
Zot:5 1 transporter


Innate Abilities, Weirdness & Mutations

((You are very nimble when in or above water. (Stealth+, EV+, Speed+++)))
Your lower body shifts to a powerful aquatic tail in water.
You have a beak for a mouth.
You have sharp fingernails.
You have supernaturally acute eyesight. (SInv)
You are dopey. (Int -2)
You are frail. (-10% HP)
Your magical capacity is low. (-10% MP)
You frequently scream uncontrollably at your foes.
Potions are less effective at restoring your health.
Your spells are a little easier to cast, but a little less powerful.
You occasionally lose the ability to drink potions when taking damage.
You expend magic power (3 MP) to strengthen your wands.


Message History

The Orb Guardian is almost dead.
You hit the Orb Guardian but do no damage.
You peck the Orb Guardian.
The Orb Guardian is almost dead.
You block the Orb Guardian's attack.
You hit the Orb Guardian.
You peck the Orb Guardian, but do no damage.
The Orb Guardian is almost dead.
You block the Orb Guardian's attack.
You chop the Orb Guardian into pieces!!!
You kill the Orb Guardian!
No target in view!
There is a stone staircase leading up here.
You climb upwards.
There is a stone staircase leading down here.
Magic restored.
HP restored.
There is a stone staircase leading up here.
You climb upwards.
An Ice Fiend comes into view.
There is a stone staircase leading down here.
The Ice Fiend calls on the powers of darkness!
Your body is wracked with pain!
A hellion comes into view.
You slice the Ice Fiend!!
The Ice Fiend convulses!!!
You peck the Ice Fiend, but do no damage.
The Ice Fiend is severely wounded.
You slice the Ice Fiend!!
The Ice Fiend convulses!!
You kill the Ice Fiend!
The Shining One accepts your kill.
You feel better.
You feel your power returning. The hellion gestures at you.
The sphere of damnation explodes!
The damnation engulfs you!!
The damnation engulfs the hellion.
The hellion completely resists.
You slice the hellion!!
The hellion convulses!!!
You kill the hellion!
The Shining One accepts your kill.
You feel better.
You feel your power returning.
There is a staircase leading out of the dungeon here.
You have escaped!

########## #.........
##.######## ##...##
##.....## ########.......#
#.>@...........#
########.......#####
###.####.......##..
#............#.##..
#.###.##........... #≈#
#).............
##########≈###.##.#.........
#.........~≈...##.#####.....
#.#........≈≈####.# ##.#..


There were no monsters in sight!

Vanquished Creatures
  Antaeus (Coc:7)
  the Royal Jelly (Slime:5)
  Asmodeus (Geh:7)
  Ereshkigal (Tar:7)
  the Serpent of Hell (Geh:7)
  12 dread liches
  6 ancient liches
  4 orbs of fire (Zot:5)
  A juggernaut (Depths:3)
  Margery (Depths:4)
  Frederick (Depths:2)
  14 shard shrikes
  5 Killer Klowns
  Saint Roka (Orc:1)
  5 curse toes
  Geryon (Hell)
  10 caustic shrikes
  5 profane servitors
  4 golden dragons
  Nikola (Snake:1)
  26 bone dragons
  13 Tzitzimimeh
  17 Brimstone Fiends
  An iron giant (Hell)
  A spectral shard shrike (Tar:2)
  7 hellephants
  Zenata (Elf:3)
  A shard shrike zombie (Tar:7)
  4 electric golems
  8 doom hounds
  15 tainted leviathans
  20 tentacled monstrosities
  18 Ice Fiends
  2 Hell Sentinels (Hell)
  A walking earthen tome (Depths:2)
  5 deep elf blademasters (Elf:3)
  A shard shrike skeleton (Tar:7)
  11 titans
  3 liches
  25 Orb Guardians
  5 deep elf master archers (Elf:3)
  15 acid blobs
  2 quicksilver dragons
  33 searing wretches
  11 death cobs
  Grunn (Zot:2)
  13 ancient champions
  Frances (Snake:1)
  3 sphinxes
  An Executioner (Depths:2)
  4 shadow dragons
  4 revenants
  3 tengu reavers
  14 storm dragons
  7 draconian monks
  11 azure jellies
  Donald (Vaults:4)
  9 nagarajas (Snake:4)
  14 narguns
  7 rockslimes
  6 draconian knights
  5 draconian scorchers
  2 quicksilver elementals (Hell)
  17 fire giants
  25 balrugs
  10 frost giants
  2 spectral juggernauts
  11 vault wardens
  7 iron dragons
  2 ghost moths
  Aizul (Shoals:4)
  5 deep elf sorcerers
  12 shard shrike simulacra
  9 ironbound preservers
  2 deep elf elementalists (Elf:3)
  4 draconian shifters
  A curse skull (Crypt:3)
  A spectral caustic shrike (Tar:7)
  A spriggan defender (Depths:3)
  4 caustic shrike zombies
  The ghost of ggurman the Bludgeoner, a journeyman MiFi of Okawaru (Orc:1)
  6 ironbound thunderhulks
  3 draconian annihilators
  A quicksilver ooze (shapeshifter) (D:14)
  11 quicksilver oozes
  11 ghouls
  2 draconian stormcallers (Zot:1)
  5 orc warlords
  9 reapers
  2 cacodemons (Depths:2)
  3 war gargoyles
  7 green draconians
  5 very ugly things
  14 putrid mouths
  19 elemental wellsprings
  12 deep elf annihilators
  11 stone giants
  3 yellow draconians
  8 dire elephants
  3 caustic shrike skeletons
  16 vampire knights
  5 black draconians
  3 deep elf demonologists
  8 red draconians
  21 wendigos
  Azrael (Elf:2)
  7 purple draconians
  4 spark wasps (Depths:3)
  2 white draconians (Zot:2)
  14 eidola
  A spectral titan (Tar:7)
  10 jiangshi
  7 ettins
  5 deep elf death magi
  6 statues (Depths:2)
  5 merfolk impalers (Shoals:4)
  4 iron golems (Hell)
  2 mummy priests (Crypt:3)
  A spectral golden dragon (Tar:5)
  5 crystal guardians
  11 fire dragons
  A quicksilver dragon zombie (Tar:7)
  4 deep elf high priests
  A spectral quicksilver dragon (Tar:6)
  5 yaktaur captains
  An entropy weaver (Vaults:2)
  3 merfolk javelineers (Shoals:4)
  13 great orbs of eyes
  2 spectral spriggans
  13 ice dragons
  2 hydras
  A quicksilver dragon skeleton (Crypt:3)
  A spectral iron giant (Tar:7)
  Fannar (Lair:1)
  2 ogre magi
  3 hell beasts
  14 salamander tyrants
  Erolcha (D:13)
  25 vault guards
  Erica (D:9)
  4 rakshasas
  5 anacondas
  4 juggernaut simulacra (Coc:7)
  8 spriggan air magi
  16 caustic shrike simulacra
  10 peacekeepers
  6 boulder beetles
  10 ironbound frosthearts
  4 merfolk avatars
  3 alligator snapping turtles
  13 stokers
  10 centaur warriors
  15 dancing weapons
  2 catoblepae (Lair:5)
  A spectral stone giant (Tar:3)
  11 naga warriors
  8 two-headed ogres
  2 death yaks (IceCv)
  2 spectral dire elephants
  4 deep troll shamans
  The ghost of minhee2137 the Basher, a novice DsBe of Trog (D:9)
  A titan zombie (Depths:2)
  3 vampire magi
  16 hell hogs
  4 deep troll earth magi
  9 shock serpents
  4 tengu warriors
  14 naga sharpshooters
  A spectral naga (Tar:6)
  7 orc high priests
  5 spriggan berserkers (Depths:4)
  13 sun demons
  34 hell knights
  2 skysharks (Shoals:1)
  15 deep elf knights
  3 spriggans
  4 soul eaters
  A fire crab (shapeshifter) (D:13)
  6 iron trolls
  A titan skeleton (Vaults:2)
  26 shadow wraiths
  48 skeletal warriors
  A golden dragon zombie (Tar:7)
  28 deep trolls
  A salamander mystic (Snake:2)
  A spectral anaconda (Tar:1)
  A sixfirhy (Depths:2)
  2 spectral bunyips (Tar:1)
  4 glowing orange brains
  15 sea snakes
  6 naga ritualists
  4 large abominations (Depths:4)
  An obsidian statue (Depths:2)
  3 flayed ghosts
  14 deep elf archers
  2 anaconda skeletons (Volcano)
  15 ironbound convokers
  2 quicksilver dragon simulacra
  A golden dragon skeleton (Crypt:3)
  An iron giant skeleton (Tar:7)
  A tengu zombie (Depths:2)
  10 wizards
  21 harpies
  10 spriggan simulacra
  Pikel (D:6)
  30 deep elf zephyrmancers
  A bog body (Crypt:3)
  3 lindwurms
  3 phantasmal warriors
  7 mana vipers
  13 necromancers
  A sphinx zombie (Depths:2)
  An iron dragon zombie (Crypt:1)
  43 deep elf pyromancers
  13 manticores
  12 orc knights
  A wolf spider (D:15)
  7 fauns
  2 spectral ettins (Tar:2)
  8 cyclopes
  5 orc sorcerers
  A tengu skeleton (Vaults:3)
  2 spectral centaurs
  5 shining eyes
  22 moths of wrath
  15 salamanders
  A frost giant zombie (Depths:2)
  2 human skeletons (Vaults:2)
  25 ugly things
  2 elf zombies
  18 vault sentinels
  15 merfolk sirens
  3 guardian serpents
  2 centaur zombies
  35 black mambas
  5 smoke demons
  Joseph (D:8)
  7 molten gargoyles
  6 water nymphs
  A rust devil (Hell)
  3 frost giant skeletons (Vaults:2)
  A centaur skeleton (D:15)
  17 naga magi
  4 orange demons
  An ice statue (IceCv)
  10 gargoyles
  11 cane toads
  7 titan simulacra
  2 human zombies
  A dire elephant skeleton (Hell)
  6 hellions
  3 unseen horrors
  6 freezing wraiths
  12 komodo dragons
  2 efreet
  A minotaur zombie (Crypt:1)
  A kobold demonologist (D:12)
  An eye of devastation (Slime:4)
  12 tormentors
  4 iron giant simulacra
  3 rime drakes (Lair:5)
  A guardian mummy (Depths:4)
  7 tengu conjurers
  10 yaktaurs
  A golden dragon simulacrum (Coc:6)
  A mana viper zombie (Crypt:3)
  9 anaconda simulacra
  A red devil (Hell)
  A black draconian skeleton (Crypt:1)
  6 ice devils
  3 yaktaur skeletons
  A spectral harpy (Tar:7)
  3 meliai (D:13)
  2 harpy zombies
  A troll (shapeshifter) (Elf:2)
  25 merfolk
  6 trolls
  A merfolk (shapeshifter) (Vaults:5)
  4 wind drakes
  A hornet (shapeshifter) (Elf:3)
  A tengu simulacrum (Coc:2)
  16 polar bears
  4 hornets
  A silent spectre (Tar:2)
  Prince Ribbit (D:6)
  A wolf spider simulacrum (D:15)
  A sphinx simulacrum (Vaults:2)
  2 harpy skeletons
  A guardian serpent zombie (Crypt:2)
  9 snapping turtles
  15 blink frogs
  2 iron dragon simulacra
  4 stone giant simulacra
  13 dream sheep (Lair:5)
  3 flying skulls (Volcano)
  A fire dragon skeleton (Crypt:2)
  A meliai zombie (Crypt:3)
  98 slime creatures
  12 water elementals
  5 wraiths
  A shadow (D:12)
  3 centaur simulacra
  2 air elementals
  6 dire elephant simulacra
  4 vampires
  2 ynoxinuls (Depths:2)
  3 basilisks
  7 naga simulacra
  5 alligator skeletons
  33 yaks
  3 wyverns
  12 golden eyes
  2 golden eyes (shapeshifter)
  10 fire elementals
  3 neqoxecs
  An alligator snapping turtle simulacrum (Coc:1)
  A redback (Vaults:2)
  2 steam dragons
  8 vampire mosquitoes
  6 chaos spawn
  An elf skeleton (Vaults:2)
  A naga (shapeshifter) (Elf:1)
  4 wargs
  A glowing shapeshifter zombie (Vaults:3)
  52 nagas
  2 naga zombies
  12 harpy simulacra
  An entropy weaver zombie (Crypt:2)
  2 acid dragons
  10 hydra simulacra
  2 floating eyes
  2 hell hounds (Elf:1)
  3 ice beasts (D:6)
  12 water moccasins
  44 orc warriors
  3 glowing shapeshifter skeletons (Vaults:2)
  7 ettin simulacra
  5 ogres
  2 black bears
  A snapping turtle zombie (Crypt:3)
  A boggart (Vaults:1)
  18 wolves (IceCv)
  A lemure (D:6)
  22 centaurs
  2 phantoms (D:5)
  A salamander zombie (Crypt:2)
  2 kobold brigands
  9 bullfrogs
  6 earth elementals
  3 necrophages
  A gnoll sergeant (D:9)
  3 scorpions
  A water moccasin zombie (Crypt:2)
  8 small abominations (Depths:4)
  4 wights (D:8)
  18 killer bees
  4 spriggan zombies
  A swamp dragon simulacrum (Coc:2)
  A polar bear skeleton (Crypt:2)
  4 spriggan skeletons
  3 howler monkeys
  An electric eel (Lair:3)
  A wolf zombie (Crypt:2)
  5 hounds
  5 jellies
  35 orc priests
  2 gnoll boudas
  3 sleepcaps
  3 iguanas
  13 orc wizards
  2 lightning spires (WizLab)
  5 hell rats (Hell)
  A boggart skeleton (D:15)
  An ice beast zombie (Crypt:1)
  3 naga skeletons
  A boggart simulacrum (D:13)
  A hound skeleton (Crypt:1)
  7 mummies (Crypt:3)
  15 gnolls
  7 adders
  A river rat (D:6)
  5 white imps
  2 dart slugs
  69 orcs
  6 ball pythons
  6 endoplasms
  A giant cockroach (D:3)
  3 hobgoblins
  18 kobolds
  4 quokkas
  6 bats
  3 frilled lizards
  3 goblins
  A jackal zombie (Crypt:1)
  4 rats (D:2)
  5 creeping infernos
  27 fire vortices
2781 creatures vanquished.

Vanquished Creatures (collateral kills)
  Mennas (Crypt:2)
  A dread lich (Zot:4)
  An orb of fire (Zot:1)
  Bai Suzhen (Shoals:3)
  2 curse toes
  4 profane servitors
  A bone dragon (Crypt:3)
  A Tzitzimitl (Tar:5)
  A doom hound (Tar:5)
  An electric golem (Zot:1)
  A Brimstone Fiend (Geh:7)
  2 spectral shard shrikes
  2 tentacled monstrosities
  A Hell Sentinel (Hell)
  3 Orb Guardians (Zot:5)
  2 titans (Coc:7)
  2 death cobs (Zot:1)
  An ancient champion (Crypt:3)
  2 sphinxes (Zot:4)
  2 revenants
  A draconian monk (Zot:3)
  2 storm dragons
  A draconian knight (Zot:4)
  A spectral juggernaut (Tar:3)
  3 balrugs
  A draconian shifter (Zot:1)
  A frost giant (Coc:2)
  A curse skull (Crypt:2)
  3 ironbound preservers (Vaults:5)
  A cacodemon (Hell)
  6 ghouls
  3 vampire knights
  A reaper (Hell)
  A green draconian (Zot:3)
  2 black draconians (Zot:1)
  2 purple draconians
  2 red draconians (Zot:1)
  3 white draconians
  A deep elf demonologist (Vaults:5)
  A yellow draconian (Zot:3)
  An elemental wellspring (Coc:7)
  A minotaur (Gauntlet)
  2 putrid mouths (Tar:6)
  2 deep elf death magi (Crypt:3)
  An ettin (Vaults:5)
  4 jiangshi
  2 yaktaur captains (Vaults:5)
  A spectral spriggan (Tar:3)
  A spriggan zombie (Crypt:3)
  An ice dragon (Coc:7)
  5 vault guards (Vaults:5)
  A rakshasa (Depths:3)
  A spriggan skeleton (Crypt:3)
  A stoker (Geh:7)
  8 dancing weapons
  A satyr (Shoals:3)
  2 hell hogs (Geh:7)
  2 vampire magi
  A deep troll earth mage (Vaults:5)
  3 soul eaters
  2 sun demons (Hell)
  2 shock serpents (Snake:3)
  A hell knight (Hell)
  A storm dragon zombie (Crypt:1)
  13 skeletal warriors
  3 deep elf knights (Elf:2)
  A shadow wraith (Tar:3)
  A titan skeleton (Crypt:3)
  An iron troll (Hell)
  2 deep trolls (Vaults:5)
  A storm dragon skeleton (Crypt:3)
  2 sea snakes (Shoals:3)
  A ghost moth zombie (Crypt:1)
  A spriggan simulacrum (Crypt:3)
  A flayed ghost (Crypt:3)
  An anaconda zombie (Hell)
  2 phantasmal warriors
  An anaconda skeleton (Crypt:2)
  A shadow dragon zombie (Hell)
  2 deep elf pyromancers (Elf:2)
  4 necromancers
  2 mana vipers (Snake:3)
  A deep elf zephyrmancer (Elf:3)
  2 manticores
  A spectral ettin (Tar:4)
  An orc sorcerer (Orc:1)
  A salamander (Snake:3)
  A rust devil (Hell)
  A black mamba (Snake:3)
  4 moths of wrath
  2 naga magi (Snake:3)
  A centaur zombie (Hell)
  A torpor snail (Lair:5)
  A guardian serpent (Snake:3)
  A smoke demon (Hell)
  2 orange demons (Hell)
  A rime drake (Lair:5)
  2 tormentors
  A hellion (Geh:7)
  4 guardian mummies (Crypt:3)
  A freezing wraith (Crypt:2)
  A spectral naga (Tar:4)
  A harpy zombie (Crypt:3)
  2 merfolk (Shoals:3)
  An iron giant simulacrum (Crypt:2)
  A troll (Orc:1)
  A wind drake (Shoals:3)
  A harpy skeleton (Crypt:3)
  An iron dragon simulacrum (Coc:7)
  A water elemental (Shoals:3)
  A black mamba zombie (Crypt:2)
  A naga simulacrum (Coc:2)
  4 ushabtiu (Crypt:3)
  2 nagas (Snake:3)
  3 harpy simulacra
  A naga zombie (Crypt:3)
  A floating eye (Zot:4)
  A fire bat skeleton (Crypt:1)
  A hell hound (Gauntlet)
  3 orc warriors
  A blink frog zombie (Crypt:1)
  An ogre (Orc:2)
  A necrophage (Crypt:3)
  A centaur skeleton (Crypt:3)
  4 orc priests
  3 orc wizards
  5 mummies (Crypt:3)
  15 orcs
  A frilled lizard skeleton (Crypt:3)
  A quokka zombie (Crypt:2)
246 creatures vanquished.

Vanquished Creatures (others)
  A dread lich (Coc:4)
  An Orb Guardian (Zot:5)
  A fire giant (Geh:1)
  A balrug (Geh:6)
  3 shard shrike simulacra (Coc:5)
  A deep elf elementalist (Elf:3)
  A deep elf annihilator (Depths:2)
  A peacekeeper (WizLab)
  4 juggernaut simulacra
  2 caustic shrike simulacra
  A naga warrior (Snake:4)
  A quicksilver dragon simulacrum (Coc:4)
  2 deep elf archers (Elf:2)
  2 spriggan simulacra (Coc:5)
  A harpy (Shoals:4)
  5 deep elf pyromancers
  2 deep elf zephyrmancers (Elf:2)
  An orange demon (Zot:5)
  An iron giant simulacrum (Coc:7)
  A tengu conjurer (Depths:2)
  A hellwing (Zot:5)
  An iron dragon simulacrum (Coc:7)
  2 stone giant simulacra
  A centaur simulacrum (Coc:1)
  2 water elementals
  4 dire elephant simulacra
  A neqoxec (Zot:5)
  4 harpy simulacra
  3 ettin simulacra
  3 orcs (Orc:2)
  4 creeping infernos
  3 fire vortices
62 creatures vanquished.

Grand Total: 3089 creatures vanquished

Notes
Turn   | Place    | Note
-------+----------+-------------------------------------------
     0 | D:1      | 2FriedEggs the Merfolk Monk began the quest for the Orb.
     0 | D:1      | Reached XP level 1. HP: 18/18 MP: 1/1
   196 | D:1      | Reached XP level 2. HP: 24/24 MP: 2/2
   789 | D:2      | Reached XP level 3. HP: 29/29 MP: 3/3
   960 | D:2      | Reached skill level 5 in Long Blades
  1032 | D:2      | Reached XP level 4. HP: 35/35 MP: 4/4
  1159 | D:2      | Reached skill level 5 in Dodging
  1385 | D:3      | Reached XP level 5. HP: 21/41 MP: 5/5
  1511 | D:3      | Found a faded altar of an unknown god.
  2059 | D:3      | Found Potug's Assorted Antiques.
  2068 | D:3      | Bought a scroll labelled VAWKED POVYT for 22 gold pieces
  2068 | D:3      | Bought a scroll labelled KERYIM IMICW for 22 gold pieces
  2068 | D:3      | Bought a scroll labelled FULEUR PEYMUKK for 22 gold pieces
  2212 | D:4      | Reached XP level 6. HP: 22/47 MP: 6/6
  2748 | D:5      | Entered Level 5 of the Dungeon
  2824 | D:5      | Found a staircase to the Ecumenical Temple.
  2839 | Temple   | Entered the Ecumenical Temple
  3267 | D:5      | Found Raga's Assorted Antiques.
  3316 | D:5      | Reached XP level 7. HP: 33/52 MP: 7/7
  3749 | D:5      | Bought a clouded graven amulet for 135 gold pieces
  3749 | D:5      | Identified the amulet "Suisoid" {Spirit rF+ Will+ Dex+3}
                  | (You bought it in a shop on level 5 of the Dungeon)
  3904 | D:5      | Reached XP level 8. HP: 58/58 MP: 8/8
  4463 | D:6      | Found a glowing golden altar of the Shining One.
  4475 | D:6      | Noticed Blork the orc
  4477 | D:6      | Noticed Pikel
  4497 | D:6      | Blork the orc changed into Blork the river rat
  4497 | D:6      | Noticed Blork
  4516 | D:6      | Killed Blork the river rat
  4531 | D:6      | Became a worshipper of the Shining One
  4531 | D:6      | Reached * piety under the Shining One
  4531 | D:6      | Reached ** piety under the Shining One
  4585 | D:6      | Killed Pikel
  4586 | D:6      | Reached skill level 10 in Long Blades
  4736 | D:6      | Reached XP level 9. HP: 56/64 MP: 7/9
  4756 | D:6      | Reached skill level 1 in Invocations
  5075 | D:6      | Noticed Prince Ribbit
  5084 | D:6      | Killed Prince Ribbit
  5711 | D:7      | Found a large runed translucent door.
  5711 | D:7      | Found a large runed translucent door.
  5735 | D:7      | Identified the +8 dagger of the Red Skies {flame, Fly rElec
                  | rN+ Will+}
  6661 | D:8      | Noticed Joseph
  6687 | D:8      | Killed Joseph
  6688 | D:8      | Reached skill level 1 in Shields
  6688 | D:8      | Reached XP level 10. HP: 32/71 MP: 6/13
  6900 | D:8      | Reached *** piety under the Shining One
  7103 | D:8      | Identified the +3 trident of Nopnuxti {flame, rC+}
  7131 | D:8      | Found a snail-covered altar of Cheibriados.
  7404 | D:8      | Reached skill level 10 in Dodging
  7783 | D:8      | Reached skill level 5 in Fighting
  8077 | D:9      | Found a runed translucent door.
  8083 | D:9      | Noticed minhee2137's ghost (novice DsBe)
  8208 | D:9      | Found a staircase to the Lair.
  8215 | D:9      | Noticed Erica
  8233 | D:9      | Killed Erica
  8395 | D:9      | Reached XP level 11. HP: 76/83 MP: 12/14
  8426 | D:9      | Reached skill level 5 in Shields
  8718 | D:9      | Found a staircase to the Orcish Mines.
  8765 | D:10     | Entered Level 10 of the Dungeon
  8797 | D:10     | Noticed a +0 hand axe
  8798 | D:10     | Noticed a +0 hand axe
  8801 | D:10     | Found a hide-covered altar of Uskayaw.
  8920 | D:10     | Found a transporter.
  8920 | D:10     | Found a transporter.
  8938 | D:10     | Found a transporter.
  9385 | D:5      | Bought a glowing ring mail for 189 gold pieces
  9516 | Lair:1   | Entered Level 1 of the Lair of Beasts
  9587 | Lair:1   | You fall into a shaft and drop 1 floor!
  9680 | Lair:1   | Found a dark tunnel.
  9688 | Volcano  | Entered a volcano
  9839 | Volcano  | Gained mutation: Your spells are a little easier to cast,
                  | but a little less powerful. [potion of mutation]
  9839 | Volcano  | Gained mutation: You are frail. (-10% HP) [potion of
                  | mutation]
  9839 | Volcano  | Gained mutation: You have a pair of small horns on your
                  | head. [potion of mutation]
 10048 | Volcano  | Lost mutation: Your spells are a little easier to cast, but
                  | a little less powerful. [potion of mutation]
 10048 | Volcano  | Lost mutation: You are frail. (-10% HP) [potion of
                  | mutation]
 10048 | Volcano  | Lost mutation: You have a pair of small horns on your head.
                  | [potion of mutation]
 10048 | Volcano  | Gained mutation: Your magical capacity is low. (-10% MP)
                  | [potion of mutation]
 10048 | Volcano  | Lost mutation: Your magical capacity is low. (-10% MP)
                  | [potion of mutation]
 10048 | Volcano  | Gained mutation: You are strong-willed. (Will+) [potion of
                  | mutation]
 10231 | Volcano  | Noticed a skeletal warrior
 10269 | Volcano  | Reached **** piety under the Shining One
 10866 | Volcano  | Reached skill level 5 in Invocations
 10939 | Volcano  | Killed a skeletal warrior
 10999 | Volcano  | Noticed a skeletal warrior
 11432 | Volcano  | Reached XP level 12. HP: 54/94 MP: 9/17
 11563 | Volcano  | Identified the +2 pair of gloves "Ozxacoth" {Harm rPois}
 11690 | Lair:1   | Noticed Fannar
 11703 | Lair:1   | Killed Fannar
 12745 | Lair:2   | Noticed an eight-headed hydra
 12753 | Lair:2   | Killed a four-headed hydra
 12798 | Lair:2   | Reached skill level 10 in Invocations
 13573 | Lair:3   | Found a staircase to the Shoals.
 13884 | Lair:3   | Found a staircase to the Snake Pit.
 14446 | Lair:4   | Noticed a skyshark
 14448 | Lair:4   | a skyshark changed into a manticore
 15062 | Lair:4   | Noticed an eight-headed hydra
 15070 | Lair:4   | Killed a four-headed hydra
 15246 | Lair:5   | Entered Level 5 of the Lair of Beasts
 15331 | Lair:5   | Reached XP level 13. HP: 52/99 MP: 16/22
 16055 | Lair:5   | Noticed a dire elephant
 16658 | Lair:5   | Found a staircase to the Slime Pits.
 17141 | D:10     | Found a basalt altar of Yredelemnul.
 17231 | D:10     | Found a transporter.
 17578 | D:11     | Reached skill level 1 in Evocations
 18294 | D:12     | Reached skill level 5 in Evocations
 18333 | D:12     | Found a gate leading to a gauntlet.
 18342 | Gauntlet | Entered a Gauntlet
 18342 | Gauntlet | Found a transporter.
 18342 | Gauntlet | Found a transporter.
 18356 | Gauntlet | Reached ***** piety under the Shining One
 18359 | Gauntlet | Found a transporter.
 18369 | Gauntlet | Found a transporter.
 18371 | Gauntlet | Found a transporter.
 18372 | Gauntlet | Found a transporter.
 18381 | Gauntlet | Found a transporter.
 18381 | Gauntlet | Found a transporter.
 18384 | Gauntlet | Found a transporter.
 18385 | Gauntlet | Noticed a balrug
 18400 | Gauntlet | Noticed a quicksilver ooze
 18431 | Gauntlet | Found a transporter.
 18499 | Gauntlet | Found a transporter.
 18511 | Gauntlet | Found a transporter.
 18528 | Gauntlet | Found a transporter.
 18614 | Gauntlet | Found a transporter.
 18629 | Gauntlet | Found a transporter.
 18647 | Gauntlet | Found a transporter.
 18974 | Gauntlet | Identified the +1 pair of boots "Bawkeq" {rF+ rC+}
 19028 | Gauntlet | Killed a balrug
 19044 | Gauntlet | Identified the +2 hat "Qifuy" {Int+2}
 19152 | Gauntlet | Noticed a minotaur
 19161 | Gauntlet | Killed a minotaur
 19164 | Gauntlet | Identified the +5 plate armour "Utataw" {rPois Dex+7}
 19186 | Gauntlet | Identified the +0 ring mail of Konlos {Str+4 Int+2}
 19494 | D:12     | Reached XP level 14. HP: 77/108 MP: 24/24
 20213 | D:13     | Noticed Erolcha
 20221 | D:13     | Killed Erolcha
 20264 | D:13     | Found a frozen archway.
 20287 | D:13     | Found a gate to the Vaults.
 20303 | IceCv    | Entered an ice cave
 20394 | IceCv    | Identified the ring "Hoschyac" {rPois rCorr Slay+3}
 20522 | IceCv    | Reached skill level 10 in Fighting
 21368 | D:13     | Reached skill level 15 in Dodging
 21931 | D:13     | Reached XP level 15. HP: 97/119 MP: 20/25
 22041 | D:13     | Reached skill level 10 in Shields
 23369 | D:14     | Reached ****** piety under the Shining One
 23469 | D:14     | Paralysed by a floating eye for 2 turns
 23799 | D:15     | Entered Level 15 of the Dungeon
 24353 | D:15     | Identified the +5 whip "Eruups" {heavy, rF+ rC+ Int+3}
 24736 | D:15     | Found a staircase to the Depths.
 24744 | D:15     | Reached skill level 15 in Invocations
 25671 | Orc:1    | Entered Level 1 of the Orcish Mines
 25694 | Orc:1    | Noticed an orc warlord
 25713 | Orc:1    | Killed an orc warlord
 25931 | Orc:1    | Found Ciodd's Jewellery Shoppe.
 25933 | Orc:1    | Found a large runed translucent door.
 25933 | Orc:1    | Found a large runed translucent door.
 26327 | Orc:1    | Reached XP level 16. HP: 111/130 MP: 27/27
 26458 | Orc:1    | Noticed ggurman's ghost (journeyman MiFi)
 26477 | Orc:1    | Killed ggurman's ghost
 26490 | Orc:2    | Entered Level 2 of the Orcish Mines
 26499 | Orc:2    | Noticed Saint Roka
 27442 | Orc:1    | Killed Saint Roka
 27607 | Orc:2    | Found a staircase to the Elven Halls.
 28649 | Orc:2    | Found Vubamed's General Store.
 28652 | Orc:2    | Found Naics's Assorted Antiques.
 28653 | Orc:2    | Found Noakash's Assorted Antiques.
 28654 | Orc:2    | Found Odaceaz's Antique Weapon Boutique.
 28657 | Orc:2    | Bought a scroll of fear for 144 gold pieces
 28658 | Orc:2    | Bought a scroll of teleportation for 87 gold pieces
 28658 | Orc:2    | Bought an emerald potion for 26 gold pieces
 28660 | Orc:2    | Bought an emerald potion for 32 gold pieces
 28662 | Orc:2    | Bought a scroll of identify for 58 gold pieces
 28670 | Orc:2    | Bought a wand of digging (4) for 268 gold pieces
 28670 | Orc:2    | Bought a potion of mutation for 128 gold pieces
 28676 | Orc:2    | Bought a twisted fluorescent wand for 116 gold pieces
 28676 | Orc:2    | Bought a scroll of summoning for 275 gold pieces
 28860 | D:5      | Bought a pair of gloves for 121 gold pieces
 29038 | Elf:1    | Entered Level 1 of the Elven Halls
 29038 | Elf:1    | Found a runed translucent gate.
 29038 | Elf:1    | Found a runed translucent gate.
 29038 | Elf:1    | Found a runed translucent gate.
 29038 | Elf:1    | Found a runed translucent gate.
 29038 | Elf:1    | Found a runed translucent gate.
 29038 | Elf:1    | Found a runed translucent gate.
 29045 | Elf:1    | Found a runed translucent door.
 29173 | Elf:1    | Found a runed translucent door.
 29302 | Elf:1    | Identified the +2 quick blade "Gudd" {drain, rElec Int+2
                  | SInv}
 29853 | Elf:1    | Noticed a Tzitzimitl
 29916 | Elf:1    | Got the Atlas of the Friendly Missiles
 31043 | Elf:1    | Found Wujyalor's Armour Boutique.
 31301 | Elf:2    | Noticed Azrael
 31356 | Elf:2    | Identified the +5 flail "Telywn" {elec, rF+ MP+9}
 31566 | Shoals:1 | Entered Level 1 of the Shoals
 31912 | Shoals:1 | Found Votal's General Store.
 31961 | Shoals:1 | Identified the +4 flail "Beastbane" {flame, Int+4}
 32052 | Shoals:1 | Bought a wand of polymorph (4) for 89 gold pieces
 32082 | Shoals:1 | You fall into a shaft and drop 1 floor!
 32092 | Shoals:2 | Reached XP level 17. HP: 140/140 MP: 29/29
 32602 | Shoals:1 | Found the +18 shield of the Gong {Loud rN+ Will+ rCorr
                  | EV-5}
 33500 | Shoals:2 | Reached skill level 15 in Fighting
 33995 | Shoals:3 | Identified the +3 quarterstaff of Division {distort, rC-
                  | rN++ Will+}
 34344 | Shoals:3 | Noticed Bai Suzhen
 34375 | Shoals:3 | Killed Bai Suzhen
 35173 | Shoals:4 | Entered Level 4 of the Shoals
 35227 | Shoals:4 | Found Bicuviel's Antique Armour Shoppe.
 35323 | Shoals:4 | Noticed Aizul
 35368 | Shoals:4 | Killed Aizul
 35779 | Shoals:4 | Found Wabre's Assorted Antiques.
 35785 | Shoals:4 | Identified the +1 sling "Leviticus" {flame, Int+3 SInv}
 35936 | Shoals:4 | Found Syosodef's Jewellery Shoppe.
 36537 | Shoals:4 | Got a barnacled rune of Zot
 36634 | Shoals:4 | Reached XP level 18. HP: 73/151 MP: 30/30
 37761 | Snake:1  | Entered Level 1 of the Snake Pit
 38032 | Snake:1  | Identified the +6 chain mail of the Old and Reckless
                  | {Contam rElec rC+++ Will+}
 38944 | Snake:1  | Noticed Frances
 38955 | Snake:1  | Killed Frances
 39021 | Snake:1  | Reached skill level 15 in Shields
 39118 | Snake:1  | Found Senkicse's Book Emporium.
 39119 | Snake:1  | Found Nikailere's Jewellery Shop.
 39119 | Snake:1  | Found Goifoz's Jewellery Shop.
 39196 | Snake:1  | Noticed Nikola
 39219 | Snake:1  | Killed Nikola
 40237 | Elf:2    | Found a runed translucent gate.
 40237 | Elf:2    | Found a runed translucent gate.
 40237 | Elf:2    | Found a runed translucent gate.
 40298 | Elf:2    | Paralysed by an air elemental for 1 turns
 40423 | Elf:2    | Identified the +0 tower shield of Least Resistance {Drain
                  | rN+ Str+5}
 40657 | Elf:2    | Killed Azrael
 41292 | D:9      | Killed minhee2137's ghost
 41609 | Elf:2    | Reached XP level 19. HP: 118/161 MP: 21/31
 41896 | Elf:3    | Entered Level 3 of the Elven Halls
 42067 | Elf:3    | Found a flickering gateway to a bazaar.
 42080 | Bazaar   | Entered a bazaar
 42106 | Bazaar   | Found Goro's Magic Scroll Boutique.
 42110 | Bazaar   | Found Wot Viny's Weapon Boutique.
 42110 | Bazaar   | Found Zouwuurch's Antique Weapon Boutique.
 42111 | Bazaar   | Found Riyschig's Distillery.
 42126 | Bazaar   | Bought a potion of curing for 27 gold pieces
 42126 | Bazaar   | Bought a potion of curing for 27 gold pieces
 42126 | Bazaar   | Bought a potion of heal wounds for 45 gold pieces
 42142 | Bazaar   | Bought 3 scrolls of enchant weapon for 202 gold pieces
 42142 | Bazaar   | Bought a scroll of enchant armour for 67 gold pieces
 42142 | Bazaar   | Bought a scroll of blinking for 67 gold pieces
 42142 | Bazaar   | Bought a scroll of blinking for 67 gold pieces
 42260 | Elf:3    | Noticed Zenata
 42280 | Elf:3    | Killed Zenata
 43064 | Elf:3    | Identified the +7 dagger "Pyghesim" {antimagic, Fragile
                  | rElec Stlth+}
 43609 | Elf:3    | Identified the ring of Ebeyl {rF+ MP+9 Str+3}
 44082 | Elf:3    | Identified the ring "Wyng" {+Blink rPois rN+ Will- Slay+4}
 44130 | Elf:3    | Identified the +6 short sword of Disharmony {freeze, Str+3}
 44130 | Elf:3    | Identified the amulet "Bowippom" {Faith Drain Will+ Str+4}
 44158 | Elf:3    | Noticed a Tzitzimitl
 44314 | Elf:3    | Identified the +1 shortbow of Unbearable Tenacity {drain,
                  | Will+ Int+4}
 44369 | Elf:3    | Got Icrejizy's Elucidation of Sepulchral Correspondence
 44925 | Snake:2  | Found Rewned's General Store.
 44926 | Snake:2  | Found Calaimar's Specific Store.
 45595 | Snake:2  | Found Jepukku's Distillery.
 45616 | Snake:2  | Bought a potion of mutation for 152 gold pieces
 45616 | Snake:2  | Bought a potion of heal wounds for 95 gold pieces
 45616 | Snake:2  | Bought a potion of haste for 190 gold pieces
 46527 | Snake:3  | Found a shimmering altar of Xom.
 46546 | Snake:3  | Reached XP level 20. HP: 174/174 MP: 32/32
 47204 | Snake:4  | Entered Level 4 of the Snake Pit
 47763 | Snake:4  | Identified the +1 sling "Ratseall" {freeze, rElec rC+++
                  | Str-5 Dex+3}
 49319 | Snake:4  | Got a serpentine rune of Zot
 49694 | Vaults:1 | Entered Level 1 of the Vaults
 50224 | Vaults:1 | Found a transporter.
 51546 | Vaults:2 | Reached XP level 21. HP: 155/182 MP: 16/33
 52111 | Vaults:2 | Found a staircase to the Crypt.
 52132 | Crypt:1  | Entered Level 1 of the Crypt
 54470 | Vaults:4 | Noticed Donald
 54477 | Vaults:4 | Killed Donald
 54577 | Vaults:4 | Found Din Paxe's Weapon Shoppe.
 54609 | Vaults:4 | Reached XP level 22. HP: 161/190 MP: 29/34
 55316 | Depths:1 | Entered Level 1 of the Depths
 55422 | Depths:1 | Found Haciung's Jewellery Boutique.
 55474 | Depths:1 | Found Quymiehy's Magic Scroll Boutique.
 55478 | Depths:1 | Bought a scroll of teleportation for 69 gold pieces
 55478 | Depths:1 | Bought a scroll of fear for 92 gold pieces
 55478 | Depths:1 | Bought 3 scrolls of teleportation for 207 gold pieces
 55478 | Depths:1 | Bought a scroll of teleportation for 69 gold pieces
 55478 | Depths:1 | Bought a scroll of teleportation for 69 gold pieces
 55512 | Depths:1 | Found Josekhlall's General Store.
 55591 | Depths:1 | Found a one-way gate to the infinite horrors of the Abyss.
 55807 | Depths:1 | Bought a scroll of enchant armour for 135 gold pieces
 55812 | Depths:1 | Found Hiew Aserghoz's Book Emporium.
 56017 | Depths:1 | Found Noghies's General Store.
 56083 | Depths:1 | Found a gateway to Hell.
 56118 | Depths:1 | Identified the +6 mace of Purpose {drain, Dex+4}
 56738 | Depths:2 | Identified a +3 eudemon blade of holy wrath (a +1 demon
                  | blade blessed by the Shining One)
 56738 | Depths:2 | Received a gift from the Shining One
 58090 | Crypt:1  | Found an ancient bone altar of Kikubaaqudgha.
 58537 | Crypt:1  | You fall into a shaft and drop 1 floor!
 58565 | Crypt:2  | Noticed Mennas
 58589 | Crypt:2  | Killed Mennas
 59344 | Crypt:1  | Reached XP level 23. HP: 199/202 MP: 26/35
 59862 | Crypt:3  | Entered Level 3 of the Crypt
 61046 | Crypt:3  | Identified the amulet of Nuliodoe {Acrobat rN++ Str+3}
 61063 | Crypt:3  | Noticed a curse toe
 61072 | Crypt:3  | Killed a curse toe
 61154 | Crypt:3  | Found a basalt altar of Yredelemnul.
 61166 | Crypt:3  | Found an ancient bone altar of Kikubaaqudgha.
 61181 | Crypt:3  | Identified the +2 dagger of Fuivur {freeze, rN+ Str-5 Int+4
                  | Dex+3}
 61638 | Crypt:3  | Found a staircase to the Tomb.
 62074 | Hell     | Entered the Vestibule of Hell
 62078 | Hell     | Noticed Geryon
 62105 | Hell     | Killed Geryon
 62289 | Depths:2 | Gained mutation: You occasionally shout uncontrollably at
                  | your foes. [a neqoxec]
 62329 | Depths:2 | Reached XP level 24. HP: 197/215 MP: 34/35
 62804 | Depths:2 | Noticed Frederick
 62826 | Depths:2 | Killed Frederick
 62905 | Depths:2 | Found a radiant altar of Vehumet.
 62919 | Depths:2 | Identified a scroll of acquirement
 62981 | Depths:2 | Identified the +1 arbalest of the Unliving {elec, rF- Int+4
                  | Dex+2}
 63260 | Depths:2 | Identified the +4 chain mail of Watchfulness {rC++ Str-3
                  | Int+3}
 63443 | Depths:2 | Found a one-way gate leading to the halls of Pandemonium.
 63625 | Depths:3 | Reached skill level 27 in Dodging
 64168 | Depths:3 | Found a magical portal.
 64171 | WizLab   | Entered Maxwell's Workshop
 64524 | WizLab   | Found the +2 Maxwell's thermic engine {flame, freeze, rev}
 64838 | WizLab   | Identified the amulet of Bub Raon {RegenMP rN+ Str+3 Int+2}
 64848 | WizLab   | Identified the +0 leather armour "Tivyheub" {Fly Str+6
                  | Dex-4 Stlth+}
 64849 | WizLab   | Identified the +7 double sword "Alolapro" {flame, Will+}
 64862 | WizLab   | Identified the +0 robe of Idealism {-Tele Will+++ Str+3
                  | Dex-2}
 65306 | Elf:3    | Acquired 953 gold pieces
 65356 | Elf:3    | Learned a level 6 spell: Statue Form
 65921 | Depths:3 | Reached skill level 1 in Transmutations
 65953 | Depths:3 | Reached skill level 1 in Earth Magic
 66396 | Depths:3 | Noticed a juggernaut
 66411 | Depths:3 | Killed a juggernaut
 66501 | Depths:4 | Entered Level 4 of the Depths
 66623 | Depths:4 | Reached skill level 5 in Transmutations
 66676 | Depths:4 | Found a gate to the Realm of Zot.
 66743 | Depths:4 | Found a one-way gateway to a ziggurat.
 66777 | Depths:4 | Reached XP level 25. HP: 225/225 MP: 36/36
 66877 | Depths:4 | Reached skill level 5 in Earth Magic
 66909 | Depths:4 | Found a portal to a secret trove of treasure.
 67180 | Depths:4 | Noticed Margery
 67240 | Depths:4 | Killed Margery
 67423 | Depths:4 | Reached skill level 10 in Transmutations
 67452 | Depths:4 | You paid a toll of 5 potions of resistance to enter a
                  | treasure trove
 67453 | Trove    | Entered a treasure trove
 67508 | Trove    | Got Sif Muna's Book of the Misty Volcano
 67529 | Trove    | Got Adithov's Omnibus of Harmful Shapeshifting
 67904 | Hell     | Found a gateway to the freezing wastes of Cocytus.
 68009 | Hell     | Found a gateway to the Iron City of Dis.
 68239 | Hell     | Found a gateway to the ashen valley of Gehenna.
 68371 | Hell     | Found a gateway to the decaying netherworld of Tartarus.
 68819 | Slime:1  | Entered Level 1 of the Pits of Slime
 68873 | Slime:1  | Reached skill level 15 in Transmutations
 69962 | Dis:1    | Entered Level 1 of the Iron City of Dis
 69968 | Dis:1    | Noticed a dread lich
 69974 | Dis:1    | Killed a dread lich
 70336 | Geh:1    | Entered Level 1 of Gehenna
 70766 | Coc:1    | Entered Level 1 of Cocytus
 70840 | Coc:1    | Reached XP level 26. HP: 216/233 MP: 36/36
 70939 | Coc:1    | Paralysed by a wendigo for 1 turns
 71011 | Coc:2    | Paralysed by a wendigo for 1 turns
 71068 | Coc:2    | You fall into a shaft and drop 2 floors!
 71068 | Coc:4    | Noticed a dread lich
 71075 | Coc:4    | Noticed a shard shrike
 71076 | Coc:4    | Killed a dread lich
 71077 | Coc:4    | Noticed a shard shrike
 71144 | Tar:1    | Entered Level 1 of Tartarus
 71153 | Tar:1    | Reached skill level 10 in Earth Magic
 71712 | Vaults:5 | Entered Level 5 of the Vaults
 71754 | Vaults:5 | Found Dezxillis's Jewellery Shoppe.
 71800 | Vaults:5 | Reached skill level 1 in Armour
 72149 | Vaults:5 | Got a silver rune of Zot
 72493 | Vaults:5 | Noticed a dread lich
 74026 | Coc:2    | Noticed a shard shrike
 74027 | Coc:2    | Noticed a shard shrike
 74028 | Coc:2    | Noticed a shard shrike
 74030 | Coc:2    | Noticed a shard shrike
 74044 | Coc:2    | Killed a shard shrike
 74046 | Coc:2    | Killed a shard shrike
 74049 | Coc:2    | Killed a shard shrike
 74055 | Coc:2    | Killed a shard shrike
 74380 | Coc:3    | Paralysed by a wendigo for 1 turns
 74436 | Coc:3    | Paralysed by a wendigo for 1 turns
 74553 | Coc:4    | Killed a shard shrike
 74554 | Coc:4    | Killed a shard shrike
 75174 | Coc:5    | Paralysed by a wendigo for 1 turns
 75950 | Geh:2    | Reached XP level 27. HP: 230/232 MP: 37/37
 76613 | Geh:4    | Noticed a dread lich
 76637 | Geh:4    | Killed a dread lich
 78471 | Geh:7    | Entered Level 7 of Gehenna
 78621 | Geh:7    | Reached skill level 5 in Armour
 79018 | Geh:7    | Noticed the Serpent of Hell
 79039 | Geh:7    | Killed the Serpent of Hell
 79840 | Geh:7    | Identified the +3 ring mail "Zucuimn" {Drain rN+++ Str-2
                  | SInv}
 79857 | Geh:7    | Identified the staff of air "Lung" {rElec Dex+4}
 79881 | Geh:7    | Found the +13 sceptre of Asmodeus
 79881 | Geh:7    | Noticed Asmodeus
 79928 | Geh:7    | Killed Asmodeus
 79941 | Geh:7    | Got an obsidian rune of Zot
 81269 | Tar:4    | Identified the +0 tower shield "Irotuv" {Slay+2}
 81595 | Tar:5    | Reached skill level 10 in Armour
 83244 | Dis:2    | Noticed an ancient lich
 83520 | Coc:5    | Paralysed by a wendigo for 1 turns
 84487 | Coc:7    | Entered Level 7 of Cocytus
 84818 | Coc:7    | Paralysed by a wendigo for 1 turns
 85799 | Coc:7    | Noticed Antaeus
 85836 | Coc:7    | Killed Antaeus
 85863 | Coc:7    | Got an icy rune of Zot
 85875 | Coc:7    | Identified the staff of fire "Cimeke" {rF+ Will+ Str+4
                  | Int+3}
 87109 | Tar:7    | Entered Level 7 of Tartarus
 87128 | Tar:7    | Noticed a dread lich
 87138 | Tar:7    | Killed a dread lich
 87181 | Tar:7    | Noticed an ancient lich
 87208 | Tar:7    | Killed an ancient lich
 87627 | Tar:7    | Noticed a dread lich
 87640 | Tar:7    | Killed a dread lich
 87790 | Tar:7    | Identified the +10 lajatang "Pakhleuxt" {heavy, Fragile
                  | rElec rN+ Will+++}
 87791 | Tar:7    | Identified the staff of air "Bukietis" {rElec Will+ SInv}
 87806 | Tar:7    | Identified the staff of cold "Xotudo" {rF+ rC+ rN+}
 88264 | Tar:7    | Noticed an ancient lich
 88272 | Tar:7    | Killed an ancient lich
 88852 | Tar:7    | Identified the amulet "Fouha" {Spirit rN+ rCorr Dex-5}
 88855 | Tar:7    | Got the Parchment of Algor
 88868 | Tar:7    | Found the +5 glaive of the Guard {elec, spectral, AC+5}
 88886 | Tar:7    | Identified the amulet of Vuyj {Faith Fragile Fly Str+3}
 89225 | Tar:7    | Identified the amulet "Bogiquf" {rPois Regen+}
 89231 | Tar:7    | Identified the staff of fire "Syrphuje" {*Slow rF+ Int+6
                  | Stlth+}
 89565 | Tar:7    | Noticed Ereshkigal
 89584 | Tar:7    | Killed Ereshkigal
 89668 | Tar:7    | Got a bone rune of Zot
 90871 | Slime:3  | Gained mutation: You passively dampen the noise of your
                  | surroundings. [a shining eye]
 90877 | Slime:3  | Gained mutation: You occasionally lose the ability to read
                  | scrolls when taking damage. [a shining eye]
 90916 | Slime:2  | Reached skill level 27 in Fighting
 91451 | Slime:4  | Gained mutation: You are dopey. (Int -2) [a shining eye]
 91763 | Slime:5  | Entered Level 5 of the Pits of Slime
 92065 | Slime:5  | Gained mutation: You are frail. (-10% HP) [a shining eye]
 92068 | Slime:5  | Gained mutation: Your body sometimes deteriorates upon
                  | taking damage. [a shining eye]
 92074 | Slime:5  | Lost mutation: You are strong-willed. (Will+) [potion of
                  | mutation]
 92074 | Slime:5  | Lost mutation: You passively dampen the noise of your
                  | surroundings. [potion of mutation]
 92074 | Slime:5  | Gained mutation: You are very frail. (-20% HP) [potion of
                  | mutation]
 92074 | Slime:5  | Gained mutation: You frequently scream uncontrollably at
                  | your foes. [potion of mutation]
 92074 | Slime:5  | Gained mutation: Your magical capacity is low. (-10% MP)
                  | [potion of mutation]
 92074 | Slime:5  | Lost mutation: You are very frail. (-20% HP) [potion of
                  | mutation]
 92157 | Slime:5  | Found a viscous altar of Jiyva.
 92157 | Slime:5  | Noticed the Royal Jelly
 92340 | Slime:5  | Killed the Royal Jelly
 92364 | Slime:5  | HP: 3/224 [rockslime (22)]
 92390 | Slime:5  | Got the Treatise on Metamorphosis and the Serac
 92401 | Slime:5  | Got a slimy rune of Zot
 92708 | Slime:5  | Lost mutation: You occasionally lose the ability to read
                  | scrolls when taking damage. [potion of mutation]
 92708 | Slime:5  | Lost mutation: You frequently scream uncontrollably at your
                  | foes. [potion of mutation]
 92708 | Slime:5  | Gained mutation: You have sharp fingernails. [potion of
                  | mutation]
 92709 | Slime:5  | Lost mutation: Your body sometimes deteriorates upon taking
                  | damage. [potion of mutation]
 92709 | Slime:5  | Lost mutation: You are dopey. (Int -2) [potion of mutation]
 92709 | Slime:5  | Gained mutation: You expend magic power (3 MP) to
                  | strengthen your wands. [potion of mutation]
 92709 | Slime:5  | Gained mutation: You have supernaturally acute eyesight.
                  | (SInv) [potion of mutation]
 92709 | Slime:5  | Gained mutation: You have a beak for a mouth. [potion of
                  | mutation]
 92731 | Slime:5  | Identified the +4 lajatang of Naot {freeze, rF+}
 92732 | Slime:5  | Identified the staff of fire "Mevil" {rF+ SInv}
 93645 | Zot:1    | Entered Level 1 of the Realm of Zot
 93690 | Depths:4 | HP: 10/224 [constriction (7)]
 93697 | Depths:4 | Reached skill level 27 in Invocations
 94985 | Zot:1    | Reached skill level 15 in Armour
 95053 | Zot:1    | Reached skill level 10 in Evocations
 95355 | Zot:1    | Noticed an orb of fire
 95373 | Zot:1    | Killed an orb of fire
 95376 | Zot:1    | Identified the +10 rapier "Rawiwn" {heavy, *Noise rElec
                  | Int+3 SInv}
 95872 | Zot:1    | Identified the +1 pair of gloves of Nahij {rC+ Str+7}
 95970 | Zot:2    | Noticed Grunn
 96038 | Zot:2    | Killed Grunn
 96217 | Zot:2    | Reached skill level 15 in Evocations
 96300 | Zot:2    | Upgraded the game from 0.30.0-29-ga12c61a403 to
                  | 0.30.1-11-g7821555f0a
 97147 | Zot:4    | Paralysed by a floating eye for 3 turns
 97155 | Zot:4    | Noticed a dread lich
 97159 | Zot:4    | Killed a dread lich
 97161 | Zot:4    | Noticed a dread lich
 97172 | Zot:4    | Killed a dread lich
 97176 | Zot:4    | Noticed a dread lich
 97180 | Zot:4    | Killed a dread lich
 97181 | Zot:4    | Noticed a dread lich
 97185 | Zot:4    | Killed a dread lich
 97189 | Zot:4    | Noticed a dread lich
 97196 | Zot:4    | Killed a dread lich
 97402 | Zot:4    | Identified the ring of Wonder {rElec rC- MP+9 Dex+6}
 97406 | Zot:4    | Got the Papyrus of Glowing Contaminants
 97860 | Zot:5    | Entered Level 5 of the Realm of Zot
 97873 | Zot:5    | Noticed an orb of fire
 97882 | Zot:5    | Gained mutation: Potions are less effective at restoring
                  | your health. [an orb of fire]
 97891 | Zot:5    | Killed an orb of fire
 97962 | Zot:5    | Noticed a dread lich
 97976 | Zot:5    | Killed a dread lich
 98026 | Zot:5    | Noticed an ancient lich
 98040 | Zot:5    | Killed an ancient lich
 98062 | Zot:5    | Noticed an orb of fire
 98075 | Zot:5    | Noticed an ancient lich
 98080 | Zot:5    | Gained mutation: Your spells are a little easier to cast,
                  | but a little less powerful. [an orb of fire]
 98081 | Zot:5    | Killed an orb of fire
 98083 | Zot:5    | Killed an ancient lich
 98160 | Zot:5    | Noticed a dread lich
 98189 | Zot:5    | Killed a dread lich
 98201 | Zot:5    | Noticed an ancient lich
 98215 | Zot:5    | Killed an ancient lich
 98313 | Zot:5    | Noticed an orb of fire
 98326 | Zot:5    | Noticed an orb of fire
 98329 | Zot:5    | Noticed an ancient lich
 98334 | Zot:5    | Noticed a dread lich
 98336 | Zot:5    | Gained mutation: You frequently scream uncontrollably at
                  | your foes. [an orb of fire]
 98344 | Zot:5    | Gained mutation: You occasionally lose the ability to drink
                  | potions when taking damage. [an orb of fire]
 98345 | Zot:5    | Killed an orb of fire
 98347 | Zot:5    | Gained mutation: You are dopey. (Int -2) [an orb of fire]
 98353 | Zot:5    | Noticed a dread lich
 98356 | Zot:5    | Killed an orb of fire
 98358 | Zot:5    | Killed an ancient lich
 98369 | Zot:5    | Killed a dread lich
 98371 | Zot:5    | Killed a dread lich
 98805 | Zot:5    | Got the Orb of Zot
 98842 | Zot:5    | Noticed Zoniorom the pandemonium lord
 98963 | Zot:5    | Found a transporter.
 99760 | D:$      | Escaped with the Orb!

Illustrated notes

Levels and vault maps discovered:
D:1:      dpeg_arrival_tiny_i, layout_loops_ring, serial_rivers,
          chequers_serial_rivers_room_a, chequers_serial_rivers_micro_c,
          chequers_serial_rivers_micro_e, chequers_serial_rivers_small_a,
          chequers_serial_rivers_micro_d, minmay_hexomino_f4
D:2:      layout_basic
D:3:      layout_basic, serial_shops, nicolae_shop_pleasant_corner_grove,
          ebering_ecumenical_altar_rust, serial_bayou_pond_e,
          chequers_serial_rivers_small_3, serial_bayou_lagoon_b
D:4:      layout_rooms
D:5:      layout_basic, minmay_temple_entry_junction_2, kennysheep_windowed_goal
D:6:      layout_loops_cross, tso_metal_star, uniq_blork_the_orc, uniq_pikel,
          uniq_prince_ribbit1
D:7:      layout_cave_pools, jmf_multi_god_temple2, serial_bayou_crossing
D:8:      layout_basic, mainiacjoe_overflow_paths, nrook_uturn, uniq_joseph
D:9:      layout_gridville, dpeg_oklobed_lair, orc_0_dummy,
          hellmonk_ghost_happy_afterlife, uniq_erica
D:10:     layout_gridville, dancing_weapons_uskayaw, overflow_temple_1_default,
          nicolae_diode_quadrants
D:11:     layout_basic, serial_bayou_ford_a, minmay_misc_feat_x
D:12:     minmay_evil_eye, layout_long_grid, gauntlet_entry_generic
D:13:     minmay_dotted_concentric_squares, layout_loops_corners, erik_vaults_2,
          portal_ice_cave_demonic_guard, uniq_erolcha
D:14:     layout_roguey, infiniplex_staircase_squiggle, grunt_tough_drop
D:15:     grunt_enter_depths_magical_seal, layout_loops_ring, minivault_24,
          minivault_20
Temple:   nicolae_temple_elliptical
Lair:1:   layout_roguey, lightli_volcano_entry_magma_tube,
          cheibrodos_lair_reptile_den, uniq_fannar
Lair:2:   layout_cave_pods, serial_bayou_shore_b, lemuel_fruit_tree
Lair:3:   layout_roguey, shoals_dummy_entry, minmay_snake_entry_guardpost_small,
          serial_bayou, serial_bayou_pond_b, serial_bayou_shore_b,
          serial_bayou_shore_b, serial_bayou_shore_b,
          chequers_serial_rivers_room_b, chequers_serial_rivers_micro_a
Lair:4:   layout_loops_ring, minivault_11, infiniplex_staircase_pool_2
Lair:5:   hangedman_lair_in_review, layout_long_grid, dpeg_slime_entry_enclosed,
          grunt_forest_small_clearings
Shoals:1: layout_shoals, serial_shops, nicolae_shop_statue_plus
Shoals:2: layout_shoals
Shoals:3: layout_shoals, nicolae_shoals_circle_sea_wall, uniq_bai_suzhen
Shoals:4: shoals_end_hangedman, layout_shoals, serial_shops, shop,
          nicolae_shop_tiny_waterfront, nicolae_diamond_shop, uniq_aizul
Snake:1:  layout_layer_cave, minmay_shop_grove, grunt_megastairs_1,
          uniq_frances, uniq_nikola
Snake:2:  layout_basic, grunt_ministairs_15, nicolae_specific_store,
          nicolae_wooded_promenade
Snake:3:  nicolae_snakescales, layout_layer_cave, basic_altar
Snake:4:  minmay_snake_end_coiled, layout_cave_town, st_stairs_1,
          grunt_ministairs_9, drop_trap
Slime:1:  layout_caves
Slime:2:  layout_caves
Slime:3:  layout_caves
Slime:4:  layout_caves, cheibrodos_slime_lost_civilization_7
Slime:5
Orc:1:    layout_diamond_mine, ebering_ghost_disaster_area, serial_shops, shop,
          bh_open_orc_temple
Orc:2:    st_orc_pillars, layout_caves, uniq_saint_roka
Elf:1:    nicolae_elf_arrival_dilemma, layout_geoelf_diagonals, serial_shops,
          nicolae_shop_real_fake_doors, minmay_elf_sorcery
Elf:2:    elven_hall_of_blades_hangedman_original [mumra_blade_entry_bloodbath],
          layout_geoelf_grid, uniq_azrael
Elf:3:    minmay_elf_hall, layout_gridlike, serial_shops, bzr_entry_water,
          minivault_19, uniq_zenata
Vaults:1: vaults_mumra_hexcomb, nicolae_vaults_twisting_passages,
          nicolae_vaults_closet_pinwheel_4, emtedronai_trogs_sanctum,
          hangedman_vaults_stretched_pinwheel, vaults_mumra_chevron,
          dpeg_vaults_monster_box, hangedman_vaults_stagger,
          nicolae_vaults_hallways_thing, ontoclasm_vaults_chip,
          nicolae_vaults_asterisk, nicolae_vaults_variable_pillar_hall,
          nicolae_vaults_double_plus_1, vaults_room_semicircle,
          layout_vaults_omnibox
Vaults:2: nicolae_vaults_stepped_doors, nicolae_vaults_layer_cake_slice,
          nicolae_vaults_trapezoid_lopsided_2, nicolae_vaults_closet_pinwheel_2,
          v_misc_16, vaults_room_fours, hangedman_vaults_cutoff,
          minmay_crypt_entry_skeletal_spiral, nicolae_vaults_mini_display_case,
          layout_vaults_omnigrid
Vaults:3: v_misc_30, v_misc_13, nicolae_vaults_lightning_bolt,
          nicolae_vaults_little_squares_1, v_misc_14,
          hangedman_vaults_stretched_pinwheel, v_misc_29, v_misc_19,
          hangedman_vaults_corner, nicolae_vaults_house_2,
          nicolae_vaults_stand_back, vaults_room_corners, layout_vaults_maze
Vaults:4: v_misc_24, nicolae_vaults_network_barrier, vaults_room_door_ring,
          nicolae_vaults_taking_the_gang_shopping,
          nicolae_vaults_more_shelving_1, nicolae_vaults_border_crossing,
          ontoclasm_vaults_claustrophobia, ontoclasm_vaults_loading_screen,
          vaults_room_pool, vaults_room_semicircle,
          nicolae_vaults_closet_pinwheel_4, vaults_dpeg_encased_lava,
          layout_vaults_ring, uniq_donald
Vaults:5
Crypt:1:  layout_catacombs, lemuel_mausoleum_altar_kikubaaqudgha
Crypt:2:  layout_regular_city, uniq_mennas
Crypt:3:  lightli_unholy_cathedral, layout_chaotic_city,
          nicolae_tomb_entry_unfolded_pyramid_orthogonal, minivault_19,
          serial_sigils_hangedman_carve, columned_hall_lemuel, st_vampire_maze
Depths:1: layout_long_grid, abyss_entry, grunt_hell_entry_dis_old, serial_shops,
          shop, nicolae_take_the_stairs, nicolae_shop_pleasant_corner_grove,
          nicolae_shop_temple_entry_statues_fountains,
          nicolae_shop_behind_doors, lemuel_nasty_fountain
Depths:2: evilmike_halls_of_destruction, layout_basic,
          serial_sigils_hangedman_writhe, rand_demon_pan_entry_3,
          grunt_hell_entry_demonic_statue
Depths:3: cheibrodos_hall_of_evolution, layout_cave_pools, abyss_entry_crystal,
          minmay_misc_feat_plants, hell_entry, pan_entry, mu_enter_wizlab_7
Depths:4: evilmike_zot_entry_basic, layout_gridlike, enter_ziggurat_f,
          minmay_room_of_horrors, hell_entry, nicolae_trove_entry_path_of_doom,
          minmay_crystal_room, serial_bayou_shore_b, uniq_margery
Hell
Dis:1:    layout_regular_city, nicolae_hells_seeping_fissure
Dis:2:    layout_subdivisions, evilmike_ambush [evilmike_ambush_outer_basic,
          evilmike_ambush_inner_wall_1]
Geh:1:    layout_gehenna_pools_box
Geh:2:    layout_gehenna_lava_caves
Geh:3:    layout_gehenna_pools_basic
Geh:4:    layout_gehenna_pools_triple
Geh:5:    layout_gehenna_lava_caves
Geh:6:    layout_gehenna_pools_triple, nicolae_geh_lava_rosette
Geh:7:    geh_old
Coc:1:    layout_ice_bergs
Coc:2:    layout_ice_bergs
Coc:3:    layout_cocytus_delve
Coc:4:    layout_cocytus_water_paths
Coc:5:    layout_ice_bergs
Coc:6:    layout_cocytus_delve
Coc:7:    coc_old
Tar:1:    layout_cathedral_of_symmetry, lemuel_nasty_fountain
Tar:2:    layout_honeycomb
Tar:3:    layout_grid_maze
Tar:4:    layout_grid_maze, nicolae_tar_cuneiform_city
Tar:5:    layout_cathedral_of_symmetry
Tar:6:    layout_grid_maze, lemuel_nasty_fountain
Tar:7:    tar_old
Zot:1:    layout_misc_corridors, st_stairs_1, grunt_megastairs_5
Zot:2:    layout_onion_interference, grunt_megastairs_2, uniq_grunn
Zot:3:    layout_cellular_growth
Zot:4:    hellmonk_paralyzer, layout_cathedral_of_symmetry, grunt_megastairs_4
Zot:5:    layout_twisted_circle, st_stairs_1, nicolae_transporter_intersection

Skill      XL: |  1  2  3  4  5  6  7  8  9 10 11 12 13 14 15 16 17 18 19 20 21 22 23 24 25 26 27 |
---------------+----------------------------------------------------------------------------------+-----
Long Blades    | 4 5 6 7 9 11 13 14 | 14.0
Dodging        | 5 6 7 9 11 12 13 15 17 19 21 22 24 26 27 | 27.0
Invocations    | 4 7 13 14 15 17 19 20 27 | 27.0
Fighting       | 4 6 8 9 11 13 14 16 17 19 20 21 23 24 27 | 27.0
Shields        | 1 4 6 7 9 11 12 14 15 16 18 21 24 | 24.2
Evocations     | 7 9 17 | 17.9
Transmutations | 6 17 20 23 | 23.0
Earth Magic    | 4 9 10 11 | 11.6
Armour         | 3 17 | 17.5

Action                     |  1- 3 |  4- 6 |  7- 9 | 10-12 | 13-15 | 16-18 | 19-21 | 22-24 | 25-27 || total
---------------------------+-------+-------+-------+-------+-------+-------+-------+-------+-------++-------
  Melee: Falchion          |    74 |       |       |       |       |       |       |       |       ||    74
         Dagger            |       |   134 |   254 |   197 |       |       |       |       |       ||   585
         Tailslap          |       |     4 |       |       |     9 |    70 |     2 |     1 |    91 ||   177
         Scimitar          |       |       |       |   349 |   952 |  1413 |    17 |       |       ||  2731
         Double sword      |       |       |       |       |       |   183 |  1355 |   500 |  1356 ||  3394
         Great sword       |       |       |       |       |       |       |    35 |       |       ||    35
         Eudemon blade     |       |       |       |       |       |       |       |  1016 |  2885 ||  3901
         Peck              |       |       |       |       |       |       |       |       |   475 ||   475
  Throw: Throwing net      |       |       |       |     4 |       |       |       |       |       ||     4
         Dart              |       |       |       |       |       |       |       |       |     6 ||     6
   Cast: Statue Form       |       |       |       |       |       |       |       |       |     3 ||     3
 Invoke: Divine Shield     |       |       |       |     5 |     4 |     8 |     7 |     4 |    27 ||    55
         Summon Divine War |       |       |       |       |     4 |     6 |     3 |    10 |    44 ||    67
         Cleansing Flame   |       |       |       |       |       |       |     2 |     5 |    37 ||    44
         Brand Weapon With |       |       |       |       |       |       |       |     1 |       ||     1
  Evoke: Wand              |       |       |     4 |     8 |     2 |     2 |       |       |    10 ||    26
         Phantom mirror    |       |       |       |     1 |       |       |       |       |     2 ||     3
         Lightning rod     |       |       |       |       |     1 |     8 |       |       |     2 ||    11
         Phial of floods   |       |       |       |       |       |     1 |       |       |     1 ||     2
         Piece from Xom's  |       |       |       |       |       |     1 |       |       |       ||     1
    Use: Scroll            |       |     5 |       |     7 |    20 |    25 |     7 |     9 |    23 ||    96
         Potion            |       |       |       |     9 |     2 |     6 |       |       |    20 ||    37
 Armour: Robe              |    11 |     9 |       |     1 |       |       |       |       |       ||    21
         Ring mail         |       |       |    18 |    31 |    40 |       |       |       |       ||    89
         Plate armour      |       |       |       |       |   198 |   277 |       |       |       ||   475
         Chain mail        |       |       |       |       |       |    75 |   247 |   220 |   986 ||  1528
         Skin              |       |       |       |       |       |       |       |       |     5 ||     5
  Dodge: Dodged            |    53 |    81 |   168 |   268 |   465 |   609 |   651 |   783 |  2411 ||  5489
  Block: Orb               |    11 |    28 |     2 |       |       |       |       |       |       ||    41
         Kite shield       |       |       |     1 |   249 |   605 |  1417 |   517 |       |       ||  2789
         Buckler           |       |       |       |       |    38 |       |       |       |       ||    38
         Reflection        |       |       |       |       |       |    60 |   123 |    26 |    90 ||   299
         Other             |       |       |       |       |       |       |    22 |       |       ||    22
         Tower shield      |       |       |       |       |       |       |  1072 |  1729 |  5727 ||  8528
